 Dungeon Sprint DCSS version 0.26-a0-710-g95a0c6c400 (webtiles) character file.

Game seed: 7844546008566992525

30374713 mhtbhm the Conqueror (level 23, 240/240 HPs)
             Began as a Yellow Draconian Berserker on Oct 30, 2020.
             Was the Champion of Makhleb.
             Escaped with the Orb
             ... and 9 runes on Oct 31, 2020!
             The game lasted 00:51:21 (17172 turns).

mhtbhm the Conqueror (Yellow Draconian Berserker)  Turns: 17172, Time: 00:51:22

Health: 240/240    AC: 22    Str: 35    XL:     23   Next: 38%
Magic:  50/50      EV: 38    Int:  7    God:    Makhleb [******]
Gold:   426        SH: 32    Dex: 21    Spells: 52/68 levels left

rFire    + + .     SeeInvis .   Q - +9 trishula (holy)
rCold    . . .     Faith    .   R - +3 tower shield
rNeg     . . .     Spirit   +   (armour unavailable)
rPois    +         Reflect  .   A - +2 hat
rElec    +         Harm     .   D - +2 cloak {MR+}
rCorr    +         Rampage  .   E - +2 pair of gloves
MR       +++..     Clarity  +   k - +2 pair of boots Stlth ++........NoTele +
                                W - amulet of Tosejere {Spirit rF+ Str+3}
HPRegen  0.50/turn              T - ring of the Empty Page {rElec EV+3 Dex+7}
MPRegen  0.32/turn              V - ring "Goorilec" {rF+ MR+ Str+5}

@: no status effects
A: spit acid, unfitting armour, horns 2, talons 2, clarity, poison resistance,
acidic bite, evolution 1, cold-blooded, subdued magic 1, acid resistance, AC +11
0: Orb of Zot
}: 9/17 runes: decaying, serpentine, barnacled, slimy, elven, silver, golden,
abyssal, gossamer
a: Breathe Acid, Minor Destruction, Lesser Servant of Makhleb, Major
Destruction, Greater Servant of Makhleb, Renounce Religion


You escaped.
You worshipped Makhleb.
Makhleb was exalted by your worship.
You visited 1 branch You collected 1929 gold pieces.
You spent 1503 gold pieces at shops.

Inventory:

Hand Weapons
 a - the +8 glaive of the Guard {elec, +Rage AC+5 SInv}
   (Trog gifted it to you in the Dungeon)

   Occasionally, upon striking a foe, it will discharge some electrical energy
   and cause terrible harm.
   It affects your AC (+5).
   It lets you see invisible.
   It lets you go berserk.
 l - the +11 plutonium sword {*Contam Stlth-}
   (You found it in the Dungeon)

   It causes magical contamination when unequipped.
   It makes you less stealthy.
 x - the +5 triple crossbow of the Unseen Realm {speed, +Fly Str+4}
   (You found it in the Dungeon)

   Attacks with this weapon are significantly faster.
   It affects your strength (+4).
   It lets you fly.
 Q - a +9 trishula of holy wrath (weapon)
 S - a +6 morningstar of protection
 Y - a +6 vorpal demon whip
 Z - the +5 bardiche of the Mouth {vorpal, Dex+2 SInv}
   (You found it in the Dungeon)

   It inflicts extra damage upon your enemies.
   It affects your dexterity (+2).
   It lets you see invisible.
Missiles
 L - 26 javelins (quivered)
Armour
 k - a +2 pair of boots (worn)
 A - a +2 hat (worn)
 D - a +2 cloak of magic resistance (worn)
 E - a +2 pair of gloves (worn)
 R - a +3 tower shield (worn)
Jewellery
 g - an uncursed amulet of regeneration
 m - an uncursed ring of protection from magic
 B - an uncursed ring of positive energy
 F - a +6 ring of strength
 T - the ring of the Empty Page (left hand) {rElec EV+3 Dex+7}
   (You found it in the Dungeon)

   [ring of evasion]

   It affects your evasion (+3).
   It affects your dexterity (+7).
   It insulates you from electricity.
 V - the ring "Goorilec" (right hand) {rF+ MR+ Str+5}
   (You found it in the Dungeon)

   [ring of protection from fire]

   It affects your strength (+5).
   It protects you from fire.
   It affects your resistance to hostile enchantments.
 W - the amulet of Tosejere (around neck) {Spirit rF+ Str+3}
   (You found it in the Dungeon)

   [amulet of guardian spirit]

   It causes incoming damage to be split between your health and magic.
   It affects your strength (+3).
   It protects you from fire.
Wands
 j - a wand of acid (6)
 v - a wand of disintegration (9)
Scrolls
 i - 6 scrolls of remove curse
 n - a scroll of identify
 r - 7 scrolls of fog
 s - 3 scrolls of fear
Potions
 b - 8 potions of curing
 c - 2 potions of heal wounds
 d - 8 potions of haste
 e - 9 potions of magic
 f - a potion of might
 h - a potion of invisibility
 o - 4 potions of mutation
 u - 4 potions of stabbing
 C - 2 potions of degeneration {unknown}
Miscellaneous
 t - the horn of Geryon
 y - a condenser vane (2/2)
 N - a lightning rod (4/4)


   Skills:
 O Level 27 Fighting
 + Level 25.2 Long Blades
 + Level 25.2 Maces & Flails
 O Level 27 Polearms
 + Level 23.4 Crossbows
 O Level 27 Throwing
 O Level 27 Dodging
 - Level 12.3 Stealth
 O Level 27 Shields
 - Level 2.1 Unarmed Combat
 + Level 23.3 Spellcasting
 + Level 13.8 Conjurations
 + Level 12.8 Hexes
 + Level 13.8 Fire Magic
 O Level 27 Invocations
 O Level 27 Evocations


You had 52 spell levels left.
You knew the following spells:

 Your Spells              Type           Power        Failure   Level
a - Fireball              Conj/Fire      ###.......   1%          5
b - Sticky Flame          Conj/Fire      ###.....     1%          4
c - Inner Flame           Hex/Fire       ###.....     1%          3
d - Conjure Flame         Conj/Fire      ###.....     1%          3
e - Foxfire               Conj/Fire      ###.         0%          1

Your spell library contained the following spells:

 Spells                   Type           Power        Failure   Level


Dungeon Overview and Level Annotations

Branches:
Dungeon (1/1)

Altars:
Cheibriados
Dithmenos
Elyvilon
Fedhas
Gozag
Hepliaklqana
Kikubaaqudgha
Makhleb
Nemelex Xobeh
Okawaru
Qazlal
Ru
Sif Muna
Trog
Uskayaw
Vehumet
Wu Jian
Xom
Yredelemnul
Zin
The Shining One
Beogh
Jiyva
Lugonu

Shops:
D !*?}

Annotations:
D Cerebov, Lom Lobon


Innate Abilities, Weirdness & Mutations

You can spit globs of acid.
Your golden yellow scales are hard. (AC +11)
You cannot fit into any form of body armour.
You have acidic saliva.
You are cold-blooded and may be slowed by cold attacks.
You are resistant to acid. (rCorr)
You have a pair of horns on your head.
You have razor-sharp toenails.
You possess an exceptional clarity of mind.
Your system is resistant to poisons. (rPois)
You evolve.
Your spells are a little easier to cast, but a little less powerful.


Message History

Bytwi is heavily wounded.
You block Bytwi's attack.
You perforate Bytwi like a sieve!!!
Bytwi convulses!!!
You headbutt Bytwi, but do no damage. You tail-slap Bytwi!
You kill Bytwi!
Makhleb accepts your kill.
The lich mumbles some strange words.
You impale the lich!!
The lich convulses!!!
You headbutt the lich!
You tail-slap the lich, but do no damage.
The lich is almost destroyed.
You skewer the lich like a kebab!!!
You destroy the lich!
Makhleb accepts your kill.
The cacodemon disappears in a puff of smoke!
There is an open door here.
There is an open door to the Dungeon here.
Things that are here:
5 stones; a +0 dagger
There is a staircase leading out of the dungeon here.
You have escaped!

▓▓▓▓▓▓▓▓▓▓▓▓▓▓▓▓▓▓
...▓...▓...▓...▓@▓
.▓.▓.▓.▓.▓.▓.▓.▓.▓
.▓)▓.▓.▓.▓.▓.▓.▓.▓
.▓.▓.▓.▓.▓.▓.▓.▓.▓
.▓.▓.▓.▓.▓.▓.▓.▓(▓
.▓.▓.▓.▓.▓.▓.▓.▓.▓
)▓.▓.▓.▓.▓.▓.▓†▓.▓
.▓.▓.▓.▓.▓.▓'▓†▓.▓
.▓.▓.▓.▓.▓.▓.▓.▓.▓


There were no monsters in sight!

Vanquished Creatures
  the Royal Jelly (D)
  2 seraphim (D)
  Ereshkigal (D)
  Dispater (D)
  4 orbs of fire (D)
  8 ancient liches (D)
  Mennas (D)
  A juggernaut (D)
  6 pandemonium lords (D)
  6 greater mummies (D)
  Frederick (D)
  Boris (twice) (D)
  Margery (D)
  Xtahua (D)
  Saint Roka (D)
  A caustic shrike (D)
  Geryon (D)
  A curse toe (D)
  Nikola (D)
  2 golden dragons (D)
  2 bone dragons (D)
  2 Brimstone Fiends (D)
  2 Tzitzimimeh (D)
  A hellephant (D)
  4 electric golems (D)
  A Hell Sentinel (D)
  7 tentacled monstrosities (D)
  35 Orb Guardians (D)
  4 deep elf blademasters (D)
  3 deep elf master archers (D)
  5 liches (D)
  9 acid blobs (D)
  A titan (D)
  2 quicksilver dragons (D)
  An Executioner (D)
  A death cob (D)
  Agnes (D)
  Kirke (D)
  13 sphinxes (D)
  8 shadow dragons (D)
  6 storm dragons (D)
  A tengu reaver (D)
  2 daevas (D)
  Ilsuiw (D)
  3 vault wardens (D)
  8 azure jellies (D)
  2 draconian monks (D)
  A fire giant (D)
  4 nagarajas (D)
  3 ghost moths (D)
  2 frost giants (D)
  2 draconian scorchers (D)
  3 draconian knights (D)
  Louise (D)
  5 balrugs (D)
  2 deep elf sorcerers (D)
  3 emperor scorpions (D)
  A draconian stormcaller (D)
  A draconian annihilator (D)
  2 draconian shifters (D)
  A reaper (D)
  2 angels (D)
  3 ironheart preservers (D)
  6 stone giants (D)
  4 very ugly things (D)
  An entropy weaver (D)
  5 black draconians (D)
  A deep elf demonologist (D)
  4 red draconians (D)
  A green draconian (D)
  2 white draconians (D)
  8 vampire knights (D)
  2 lorocyprocas (D)
  A spark wasp (D)
  Azrael (D)
  A purple draconian (D)
  2 yellow draconians (D)
  A blizzard demon (D)
  5 death oozes (D)
  3 deep elf high priests (D)
  4 merfolk impalers (D)
  Snorg (D)
  3 fire dragons (D)
  A deep elf death mage (D)
  4 merfolk javelineers (D)
  Josephine (D)
  3 great orbs of eyes (D)
  A mummy priest (D)
  A rakshasa (D)
  25 vault guards (D)
  Harold (D)
  2 yaktaur captains (D)
  Erolcha (D)
  A boulder beetle (D)
  10 hydras (D)
  4 ice dragons (D)
  3 naga warriors (D)
  A hell beast (D)
  2 merfolk aquamancers (D)
  A centaur warrior (D)
  A merfolk avatar (D)
  2 spriggan air magi (D)
  2 alligators (D)
  2 ogre magi (D)
  4 two-headed ogres (D)
  A deep troll shaman (D)
  A vampire mage (D)
  A thrashing horror (D)
  3 deep troll earth magi (D)
  6 orc high priests (D)
  2 soul eaters (D)
  2 naga sharpshooters (D)
  A wretched star (D)
  12 sun demons (D)
  2 iron trolls (D)
  A sixfirhy (D)
  2 gelid demonspawn (D)
  A skeletal warrior (D)
  2 cherubim (D)
  2 sea snakes (D)
  An unseen horror (D)
  6 hell knights (D)
  4 large abominations (D)
  2 deep trolls (D)
  2 flayed ghosts (D)
  A naga ritualist (D)
  2 shadow demons (D)
  A swamp dragon (D)
  An infernal demonspawn (D)
  2 deep elf archers (D)
  2 harpies (D)
  12 orc knights (D)
  3 ironbrand convokers (D)
  6 wolf spiders (D)
  2 ugly things (D)
  2 necromancers (D)
  A mana viper (D)
  A deep elf mage (D)
  3 orb spiders (D)
  An orc sorcerer (D)
  A worldbinder (D)
  9 moths of wrath (D)
  Joseph (D)
  A guardian serpent (D)
  4 naga magi (D)
  2 merfolk sirens (D)
  A smoke demon (D)
  2 black mambas (D)
  A guardian serpent (shapeshifter) (D)
  4 vault sentinels (D)
  2 cane toads (D)
  A cane toad (shapeshifter) (D)
  2 orange demons (D)
  2 komodo dragons (D)
  A freezing wraith (D)
  3 yaktaurs (D)
  2 ice devils (D)
  5 demonic crawlers (D)
  2 tormentors (D)
  A hellwing (D)
  21 guardian mummies (D)
  11 red devils (D)
  2 trolls (D)
  A wandering mushroom (D)
  A troll (shapeshifter) (D)
  A tengu conjurer (D)
  2 jumping spiders (D)
  4 polar bears (D)
  3 merfolk (D)
  2 hornets (D)
  A raiju (D)
  4 blink frogs (D)
  2 slime creatures (D)
  A blink frog (shapeshifter) (D)
  A bog body (D)
  2 redbacks (D)
  6 wraiths (D)
  11 spriggans (D)
  A water elemental (D)
  A yak (shapeshifter) (D)
  2 hogs (D)
  2 ynoxinuls (D)
  A shadow (D)
  4 yaks (D)
  4 fire elementals (D)
  2 basilisks (D)
  3 chaos spawn (D)
  2 neqoxecs (D)
  An insubstantial wisp (D)
  A soldier ant (shapeshifter) (D)
  5 nagas (D)
  6 hell hounds (D)
  3 water moccasins (D)
  An ice beast (D)
  A sky beast (D)
  3 floating eyes (D)
  16 orc warriors (D)
  7 black bears (D)
  2 swamp drakes (D)
  2 ogres (D)
  A wolf (D)
  A centaur (D)
  3 small abominations (D)
  6 bullfrogs (D)
  A scorpion (D)
  A killer bee (D)
  A crimson imp (D)
  2 orc priests (D)
  A hound (D)
  2 orc wizards (D)
  2 worker ants (D)
  A hell rat (D)
  An adder (D)
  An ooze (D)
  2 adder skeletons (D)
  An adder simulacrum (D)
  8 orcs (D)
  A giant cockroach (D)
  A goblin (D)
  A hobgoblin (D)
  A quokka (D)
  A frilled lizard (D)
  A kobold (D)
  A rat (D)
  4 crawling corpses (D)
  A lurking horror (D)
668 creatures vanquished.

Vanquished Creatures (others)
  A vault warden (D)
  4 humans (D)
5 creatures vanquished.

Grand Total: 673 creatures vanquished

Notes
Turn   | Place    | Note
-------+----------+-------------------------------------------
     0 | D        | mhtbhm the Draconian Berserker began the quest for the Orb.
     0 | D        | Reached XP level 1. HP: 19/19 MP: 1/1
    15 | D        | Reached ** piety under Trog
    18 | D        | Reached XP level 2. HP: 20/27 MP: 2/2
    99 | D        | Noticed an ice beast
    99 | D        | Noticed a sky beast
    99 | D        | Noticed a scorpion
   109 | D        | Killed an ice beast
   109 | D        | Reached *** piety under Trog
   109 | D        | Reached skill level 5 in Dodging
   109 | D        | Reached XP level 3. HP: 38/38 MP: 3/3
   109 | D        | Reached XP level 4. HP: 45/45 MP: 4/4
   117 | D        | Reached XP level 5. HP: 52/52 MP: 5/5
   119 | D        | Killed a sky beast
   125 | D        | Found a roughly hewn altar of Beogh.
   125 | D        | Found a snail-covered altar of Cheibriados.
   125 | D        | Found a shadowy altar of Dithmenos.
   125 | D        | Found a white marble altar of Elyvilon.
   125 | D        | Found a blossoming altar of Fedhas.
   125 | D        | Found an opulent altar of Gozag.
   126 | D        | Found a hazy altar of Hepliaklqana.
   127 | D        | Found a viscous altar of Jiyva.
   128 | D        | Found an ancient bone altar of Kikubaaqudgha.
   129 | D        | Found a corrupted altar of Lugonu.
   130 | D        | Found a burning altar of Makhleb.
   131 | D        | Found a sparkling altar of Nemelex Xobeh.
   132 | D        | Found an iron altar of Okawaru.
   133 | D        | Found a stormy altar of Qazlal.
   134 | D        | Found a sacrificial altar of Ru.
   135 | D        | Found a shimmering blue altar of Sif Muna.
   136 | D        | Found a bloodstained altar of Trog.
   137 | D        | Found a hide-covered altar of Uskayaw.
   138 | D        | Found a radiant altar of Vehumet.
   139 | D        | Found an ornate altar of the Wu Jian Council.
   140 | D        | Found a shimmering altar of Xom.
   141 | D        | Found a basalt altar of Yredelemnul.
   142 | D        | Found a glowing silver altar of Zin.
   143 | D        | Found a glowing golden altar of the Shining One.
   184 | D        | Noticed a centaur
   187 | D        | Reached **** piety under Trog
   187 | D        | Reached XP level 6. HP: 62/62 MP: 6/6
   198 | D        | Reached ***** piety under Trog
   240 | D        | Noticed a wraith
   240 | D        | Noticed a skeletal warrior
   240 | D        | Noticed a purple ugly thing
   240 | D        | Noticed a green ugly thing
   245 | D        | Killed a wraith
   245 | D        | Reached skill level 10 in Fighting
   245 | D        | Reached skill level 10 in Polearms
   245 | D        | Your scales start taking on a golden yellow colour.
   245 | D        | Reached XP level 7. HP: 72/72 MP: 7/7
   245 | D        | Gained mutation: You are resistant to acid. (rCorr) [Yellow
                  | Draconian growth]
   258 | D        | Killed a skeletal warrior
   258 | D        | Reached XP level 8. HP: 74/82 MP: 8/8
   261 | D        | Killed a purple ugly thing
   268 | D        | Killed a purple ugly thing
   268 | D        | Received a gift from Trog
   269 | D        | Reached XP level 9. HP: 42/90 MP: 9/9
   561 | D        | Gained mutation: You have sharp toenails. [potion of
                  | mutation]
   561 | D        | Gained mutation: You have a pair of small horns on your
                  | head. [potion of mutation]
   561 | D        | Gained mutation: You evolve. [potion of mutation]
   561 | D        | Gained mutation: You have a pair of horns on your head.
                  | [potion of mutation]
   582 | D        | Noticed a polar bear
   582 | D        | Noticed a black mamba
   582 | D        | Noticed a cane toad
   582 | D        | Noticed a komodo dragon
   586 | D        | Killed a polar bear
   588 | D        | Killed a black mamba
   591 | D        | Reached skill level 15 in Polearms
   592 | D        | Noticed a komodo dragon
   594 | D        | Killed a cane toad
   596 | D        | Noticed a cane toad
   597 | D        | Killed a komodo dragon
   598 | D        | Received a gift from Trog
   603 | D        | Killed a komodo dragon
   608 | D        | Killed a cane toad
   608 | D        | Reached skill level 10 in Dodging
   803 | D        | Reached XP level 10. HP: 101/101 MP: 10/10
   808 | D        | Reached ****** piety under Trog
   815 | D        | Received a gift from Trog
   892 | D        | Received a gift from Trog
   964 | D        | Noticed Harold
   971 | D        | Killed Harold
   976 | D        | Noticed Josephine
   982 | D        | Received a gift from Trog
   989 | D        | Killed Josephine
   989 | D        | Reached skill level 15 in Fighting
   989 | D        | Reached XP level 11. HP: 78/112 MP: 11/11
  1006 | D        | Noticed Joseph
  1017 | D        | Killed Joseph
  1368 | D        | Received a gift from Trog
  1369 | D        | Found the +8 glaive of the Guard {elec, +Rage AC+5 SInv}
  1385 | D        | Received a gift from Trog
  1709 | D        | Fell from the grace of Trog
  1709 | D        | Became a worshipper of Makhleb the Destroyer
  1981 | D        | Noticed an orc knight
  1981 | D        | Noticed an orc knight
  1982 | D        | Noticed an orc sorcerer
  1990 | D        | Reached skill level 1 in Stealth
  2001 | D        | Killed an orc knight
  2001 | D        | Reached * piety under Makhleb
  2014 | D        | Killed an orc knight
  2015 | D        | Killed an orc sorcerer
  2015 | D        | Reached ** piety under Makhleb
  2015 | D        | Reached skill level 1 in Evocations
  2024 | D        | Reached *** piety under Makhleb
  2247 | D        | Found Xeall's Distillery.
  2247 | D        | Noticed an orc knight
  2247 | D        | Noticed an orc knight
  2247 | D        | Noticed an orc high priest
  2247 | D        | Noticed an orc knight
  2247 | D        | Noticed an orc high priest
  2252 | D        | Noticed a soul eater
  2252 | D        | Killed an orc knight
  2254 | D        | Killed an orc knight
  2255 | D        | Noticed an orc knight
  2257 | D        | Killed an orc high priest
  2257 | D        | Reached **** piety under Makhleb
  2260 | D        | Killed an orc knight
  2263 | D        | Noticed an orc knight
  2265 | D        | Killed an orc high priest
  2267 | D        | Found Muazxaoci's Assorted Antiques.
  2268 | D        | Noticed an orc knight
  2268 | D        | Noticed an orc high priest
  2269 | D        | Noticed an orc knight
  2275 | D        | Killed an orc knight
  2275 | D        | Reached ***** piety under Makhleb
  2280 | D        | Killed an orc knight
  2285 | D        | Killed an orc knight
  2287 | D        | Found Haik's Magic Scroll Emporium.
  2290 | D        | Found Soannepn's Gadget Shoppe.
  2294 | D        | Killed an orc high priest
  2295 | D        | Noticed an orc high priest
  2295 | D        | Noticed an orc high priest
  2297 | D        | Noticed a sun demon
  2298 | D        | Noticed a sun demon
  2310 | D        | Killed an orc knight
  2310 | D        | Reached XP level 12. HP: 27/125 MP: 12/12
  2417 | D        | Noticed a two-headed ogre
  2417 | D        | Noticed a two-headed ogre
  2420 | D        | Killed a two-headed ogre
  2427 | D        | Killed a two-headed ogre
  2857 | D        | Killed an orc high priest
  2861 | D        | Killed an orc high priest
  2871 | D        | Gained mutation: You are robust. (+10% HP) [evolution]
  2894 | D        | Noticed an orc high priest
  2900 | D        | Killed an orc high priest
  3049 | D        | Bought a potion of heal wounds for 70 gold pieces
  3049 | D        | Bought a potion of heal wounds for 70 gold pieces
  3049 | D        | Bought a potion of might for 56 gold pieces
  3049 | D        | Bought a potion of berserk rage for 70 gold pieces
  3055 | D        | Bought a condenser vane (2/2) for 280 gold pieces
  3057 | D        | Bought a scroll of enchant weapon for 105 gold pieces
  3057 | D        | Bought a scroll of enchant armour for 105 gold pieces
  3057 | D        | Bought a scroll of enchant weapon for 105 gold pieces
  3057 | D        | Bought a scroll of enchant weapon for 105 gold pieces
  3057 | D        | Bought a scroll of identify for 28 gold pieces
  3059 | D        | Bought a murky puce potion for 19 gold pieces
  3059 | D        | Bought a bronze ring for 110 gold pieces
  3059 | D        | Bought a tubular coral ring for 110 gold pieces
  3059 | D        | Bought 2 pink potions for 39 gold pieces
  3059 | D        | Bought a potion of curing for 66 gold pieces
  3059 | D        | Bought a scroll of enchant armour for 165 gold pieces
  3122 | D        | Noticed Erolcha
  3131 | D        | Killed Erolcha
  3131 | D        | Reached skill level 5 in Stealth
  3266 | D        | Reached ****** piety under Makhleb
  3270 | D        | Reached skill level 5 in Evocations
  3275 | D        | Noticed a centaur warrior
  3281 | D        | Noticed a white very ugly thing
  3290 | D        | Killed a centaur warrior
  3291 | D        | Killed a white very ugly thing
  3473 | D        | Noticed a purple very ugly thing
  3474 | D        | Noticed a yaktaur captain
  3482 | D        | Killed a purple very ugly thing
  3484 | D        | Killed a yaktaur captain
  3534 | D        | Noticed Snorg
  3542 | D        | Killed Snorg
  3574 | D        | Noticed Agnes
  3591 | D        | Killed Agnes
  3708 | D        | Noticed an alligator
  3708 | D        | Noticed an alligator
  3708 | D        | Noticed an eight-headed hydra
  3714 | D        | Killed an alligator
  3714 | D        | Reached XP level 13. HP: 150/150 MP: 13/13
  3985 | D        | Noticed a spark wasp
  3991 | D        | Killed a spark wasp
  4055 | D        | Noticed a nagaraja
  4069 | D        | Killed a nagaraja
  4228 | D        | Noticed Saint Roka
  4242 | D        | Killed Saint Roka
  4242 | D        | Reached skill level 10 in Evocations
  4321 | D        | Noticed a frost giant
  4321 | D        | Noticed a stone giant
  4328 | D        | Noticed a white very ugly thing
  4330 | D        | Noticed a fire dragon
  4331 | D        | HP: 2/158 [frost giant/+1 battleaxe of freezing (17)]
  4335 | D        | Killed a frost giant
  4335 | D        | Gained mutation: You have acidic saliva. [Yellow Draconian
                  | growth]
  4335 | D        | Reached XP level 14. HP: 93/167 MP: 14/14
  4338 | D        | Killed a stone giant
  4341 | D        | Killed a white very ugly thing
  4353 | D        | Noticed a fire giant
  4409 | D        | Noticed a tengu reaver
  4413 | D        | Killed a fire giant
  4424 | D        | Killed a tengu reaver
  4489 | D        | Noticed a stone giant
  4503 | D        | Killed a stone giant
  4670 | D        | Noticed a vault warden
  4670 | D        | Noticed an ironheart preserver
  4676 | D        | Killed a vault warden
  4676 | D        | Reached skill level 15 in Dodging
  4678 | D        | Noticed a vault warden
  4680 | D        | Reached skill level 10 in Stealth
  4683 | D        | Killed an ironheart preserver
  4687 | D        | Killed a vault warden
  4725 | D        | Noticed a frost giant
  4736 | D        | Killed a frost giant
  4929 | D        | Noticed Frederick
  4939 | D        | Killed Frederick
  4939 | D        | Reached XP level 15. HP: 142/183 MP: 15/15
  5014 | D        | Gained mutation: You have razor-sharp toenails. [evolution]
  5090 | D        | Found the +11 plutonium sword {*Contam Stlth-}
  5183 | D        | Noticed Kirke
  5198 | D        | Killed Kirke
  5229 | D        | Noticed Boris
  5240 | D        | Killed Boris
  5421 | D        | Noticed a ghost moth
  5429 | D        | Noticed a ghost moth
  5437 | D        | Killed a ghost moth
  5438 | D        | Killed a ghost moth
  5754 | D        | Noticed a ghost moth
  5776 | D        | Killed a ghost moth
  5796 | D        | Got a gossamer rune of Zot
  5964 | D        | Reached skill level 1 in Invocations
  5995 | D        | Got a decaying rune of Zot
  6306 | D        | Noticed a nagaraja
  6307 | D        | Noticed a nagaraja
  6317 | D        | Killed a nagaraja
  6322 | D        | Killed a nagaraja
  6331 | D        | Noticed a nagaraja
  6351 | D        | Killed a nagaraja
  6376 | D        | Got a serpentine rune of Zot
  6470 | D        | Noticed Ilsuiw
  6489 | D        | Killed Ilsuiw
  6489 | D        | Reached XP level 16. HP: 130/200 MP: 17/17
  6491 | D        | Reached skill level 27 in Fighting
  6501 | D        | Reached skill level 27 in Polearms
  6533 | D        | Got a barnacled rune of Zot
  6735 | D        | Noticed Margery
  6745 | D        | Reached skill level 1 in Throwing
  6745 | D        | Reached skill level 15 in Evocations
  6746 | D        | Killed Margery
  7148 | D        | Reached skill level 5 in Throwing
  7172 | D        | Paralysed by Trog for 3 turns
  7257 | D        | Noticed a sphinx
  7257 | D        | Noticed a quicksilver dragon
  7265 | D        | Killed a sphinx
  7276 | D        | Killed a quicksilver dragon
  7277 | D        | Noticed a shadow dragon
  7295 | D        | Killed a shadow dragon
  7300 | D        | Noticed a shadow dragon
  7315 | D        | Killed a shadow dragon
  7315 | D        | Reached XP level 17. HP: 199/210 MP: 18/18
  7399 | D        | Noticed a tentacled monstrosity
  7399 | D        | Noticed an ancient lich
  7399 | D        | Noticed a quicksilver dragon
  7402 | D        | Noticed a titan
  7403 | D        | Killed a tentacled monstrosity
  7410 | D        | Killed an ancient lich
  7410 | D        | Reached skill level 10 in Throwing
  7420 | D        | Killed a quicksilver dragon
  7425 | D        | Killed a titan
  7449 | D        | Got a silver rune of Zot
  7578 | D        | Noticed Xtahua
  7580 | D        | Noticed Mennas
  7587 | D        | Killed Xtahua
  7608 | D        | Killed Mennas
  7608 | D        | Reached skill level 27 in Dodging
  7690 | D        | Gained mutation: Your system is resistant to poisons.
                  | (rPois) [evolution]
  8103 | D        | Noticed Louise
  8111 | D        | Killed Louise
  8220 | D        | Got the ring of the Empty Page {rElec EV+3 Dex+7}
  8222 | D        | Got the amulet of Peace {RegenMP Int+2 SInv}
  8224 | D        | Got the ring "Goorilec" {rF+ MR+ Str+5}
  8226 | D        | Got the amulet of Tosejere {Spirit rF+ Str+3}
  8228 | D        | Got the ring "Ukaxaett" {*Contam *Drain rPois rC+ Dex+5}
  8241 | D        | Got the +5 bardiche of the Mouth {vorpal, Dex+2 SInv}
  8281 | D        | Got the +5 triple crossbow of the Unseen Realm {speed, +Fly
                  | Str+4}
  8449 | D        | Noticed Azrael
  8459 | D        | Killed Azrael
  8566 | D        | Noticed Nikola
  8594 | D        | Killed Nikola
  8594 | D        | Reached skill level 5 in Shields
  8697 | D        | Noticed a juggernaut
  8698 | D        | Noticed a lich
  8708 | D        | Noticed a caustic shrike
  8709 | D        | Killed a juggernaut
  8712 | D        | Killed a lich
  8718 | D        | Killed a caustic shrike
  8746 | D        | Noticed a bone dragon
  8746 | D        | Noticed a bone dragon
  8752 | D        | Reached skill level 10 in Shields
  8757 | D        | Killed a bone dragon
  8757 | D        | Reached XP level 18. HP: 220/220 MP: 15/19
  8759 | D        | Killed a bone dragon
  8867 | D        | Reached skill level 15 in Throwing
  9081 | D        | Noticed a tentacled monstrosity
  9082 | D        | Noticed a curse toe
  9085 | D        | Killed a tentacled monstrosity
  9095 | D        | Killed a curse toe
  9274 | D        | Noticed an orb of fire
  9281 | D        | Killed an orb of fire
  9454 | D        | Noticed a tentacled monstrosity
  9456 | D        | Reached skill level 27 in Evocations
  9458 | D        | Killed a tentacled monstrosity
  9462 | D        | Was forgiven by Trog
  9670 | D        | Noticed an Orb Guardian
  9670 | D        | Noticed an Orb Guardian
  9670 | D        | Noticed an Orb Guardian
  9670 | D        | Noticed an Orb Guardian
  9670 | D        | Noticed an Orb Guardian
  9670 | D        | Noticed an Orb Guardian
  9671 | D        | Noticed an Orb Guardian
  9674 | D        | Killed an Orb Guardian
  9674 | D        | Killed an Orb Guardian
  9674 | D        | Killed an Orb Guardian
  9674 | D        | Noticed an Orb Guardian
  9675 | D        | Killed an Orb Guardian
  9675 | D        | Killed an Orb Guardian
  9676 | D        | Killed an Orb Guardian
  9676 | D        | Killed an Orb Guardian
  9676 | D        | Reached skill level 15 in Shields
  9676 | D        | Reached XP level 19. HP: 227/227 MP: 18/20
  9835 | D        | Lost mutation: You are robust. (+10% HP) [evolution]
  9986 | D        | Noticed an ancient lich
  9990 | D        | Killed an ancient lich
  9992 | D        | Noticed an orb of fire
 10000 | D        | Gained mutation: Your spells are a little easier to cast,
                  | but a little less powerful. [an orb of fire]
 10001 | D        | Killed an orb of fire
 10001 | D        | Reached skill level 27 in Throwing
 10030 | D        | Noticed an electric golem
 10043 | D        | Killed an electric golem
 10043 | D        | Reached skill level 1 in Spellcasting
 10048 | D        | Noticed an electric golem
 10048 | D        | Noticed an orb of fire
 10049 | D        | Noticed an ancient lich
 10052 | D        | Killed an electric golem
 10053 | D        | Noticed an orb of fire
 10055 | D        | Killed an ancient lich
 10055 | D        | Noticed an electric golem
 10056 | D        | Killed an orb of fire
 10057 | D        | Killed an orb of fire
 10057 | D        | Noticed a golden dragon
 10059 | D        | Killed an electric golem
 10078 | D        | Killed a golden dragon
 10082 | D        | Noticed an electric golem
 10088 | D        | Noticed a golden dragon
 10091 | D        | Killed an electric golem
 10091 | D        | Reached XP level 20. HP: 216/216 MP: 21/26
 10094 | D        | Killed a golden dragon
 10097 | D        | Noticed an ancient lich
 10109 | D        | Killed an ancient lich
 10109 | D        | Reached skill level 5 in Long Blades
 10109 | D        | Reached skill level 5 in Maces & Flails
 10167 | D        | Reached skill level 5 in Crossbows
 10167 | D        | Reached skill level 27 in Shields
 10167 | D        | Reached skill level 5 in Spellcasting
 10215 | D        | Reached skill level 10 in Long Blades
 10215 | D        | Reached skill level 10 in Maces & Flails
 10221 | D        | Reached skill level 10 in Crossbows
 10227 | D        | Reached skill level 10 in Spellcasting
 10310 | D        | Noticed an ancient lich
 10310 | D        | Noticed an ancient lich
 10317 | D        | Killed an ancient lich
 10327 | D        | Noticed an ancient lich
 10335 | D        | Killed an ancient lich
 10360 | D        | HP: 6/216 [ancient lich (11)]
 10362 | D        | Killed an ancient lich
 10756 | D        | Reached skill level 15 in Long Blades
 10756 | D        | Reached skill level 15 in Maces & Flails
 10763 | D        | Reached skill level 15 in Crossbows
 10763 | D        | Reached skill level 15 in Spellcasting
 10768 | D        | Reached XP level 21. HP: 224/224 MP: 34/40
 10893 | D        | Got an elven rune of Zot
 11098 | D        | Noticed the Royal Jelly
 11104 | D        | Killed the Royal Jelly
 11627 | D        | Got a slimy rune of Zot
 12346 | D        | Noticed a greater mummy
 12346 | D        | Noticed a greater mummy
 12346 | D        | Noticed a greater mummy
 12346 | D        | Noticed a greater mummy
 12347 | D        | Noticed a greater mummy
 12352 | D        | Killed a greater mummy
 12353 | D        | Killed a greater mummy
 12353 | D        | Killed a greater mummy
 12356 | D        | Killed a greater mummy
 12356 | D        | Killed a greater mummy
 12383 | D        | Noticed a greater mummy
 12388 | D        | Killed a greater mummy
 12458 | D        | Got a golden rune of Zot
 12556 | D        | Gained mutation: You possess an exceptional clarity of
                  | mind. [evolution]
 12565 | D        | Learned a level 5 spell: Fireball
 12570 | D        | Learned a level 4 spell: Sticky Flame
 12574 | D        | Learned a level 3 spell: Inner Flame
 12578 | D        | Learned a level 3 spell: Conjure Flame
 12580 | D        | Learned a level 1 spell: Foxfire
 12584 | D        | Reached skill level 1 in Conjurations
 12584 | D        | Reached skill level 1 in Hexes
 12584 | D        | Reached skill level 1 in Fire Magic
 12787 | D        | Got an abyssal rune of Zot
 12910 | D        | Noticed Geryon
 12923 | D        | Killed Geryon
 12923 | D        | Reached XP level 22. HP: 233/233 MP: 45/47
 12992 | D        | Identified the +4 staff of Dispater
 12992 | D        | Noticed Dispater
 12992 | D        | Noticed Ereshkigal
 12992 | D        | Noticed Lom Lobon
 13012 | D        | Killed Dispater
 13012 | D        | Reached skill level 5 in Conjurations
 13012 | D        | Reached skill level 5 in Fire Magic
 13193 | D        | Killed Ereshkigal
 13610 | D        | Identified the +6 sword of Cerebov {flame}
 13610 | D        | Noticed Cerebov
 14156 | D        | Got the Orb of Zot
 14279 | D        | Noticed a seraph
 14304 | D        | Killed a seraph
 14580 | D        | Noticed Feus the pandemonium lord
 14593 | D        | Killed Feus the pandemonium lord
 14776 | D        | Reached skill level 10 in Conjurations
 14776 | D        | Reached skill level 10 in Fire Magic
 14833 | D        | Reached skill level 5 in Invocations
 14846 | D        | Reached skill level 10 in Invocations
 15073 | D        | Identified the cursed -5 tower shield "Ygeim" {rCorr Int+4
                  | Stlth+}
 15074 | D        | Noticed a seraph
 15099 | D        | Killed a seraph
 15534 | D        | Noticed Boris
 15542 | D        | Killed Boris
 15654 | D        | Noticed Maowk the pandemonium lord
 15664 | D        | Killed Maowk the pandemonium lord
 16277 | D        | Reached skill level 27 in Invocations
 16433 | D        | Reached XP level 23. HP: 240/240 MP: 49/49
 16511 | D        | Reached skill level 10 in Hexes
 16728 | D        | Noticed Yhiylib the pandemonium lord
 16737 | D        | Killed Yhiylib the pandemonium lord
 17052 | D        | Noticed Hipli the pandemonium lord
 17060 | D        | Killed Hipli the pandemonium lord
 17064 | D        | Noticed Oklanubb the pandemonium lord
 17073 | D        | Killed Oklanubb the pandemonium lord
 17086 | D        | Noticed an ancient lich
 17094 | D        | Killed an ancient lich
 17143 | D        | Noticed Bytwi the pandemonium lord
 17155 | D        | Killed Bytwi the pandemonium lord
 17172 | D        | Escaped with the Orb!

Illustrated notes

Levels and vault maps discovered:
D:        linesprint [early_d, line_temple, items_1, d_10, items_2, lair_1,
          lair_end, items_3, orc_1, orc_end, items_4, d_15, swamp_1, shoals_1,
          snake_1, spider_1, d_20, vaults_1, items_5, swamp_end, shoals_end,
          snake_end, spider_end, vaults_end, d_27, items_6, zot_1, zot_end,
          crypt_end, forest_end, elf_end, slime_end, tomb_end, abyss_end,
          pan_hell_end]

Skill      XL: |  1  2  3  4  5  6  7  8  9 10 11 12 13 14 15 16 17 18 19 20 21 22 23 |
---------------+----------------------------------------------------------------------+-----
Dodging        | 3 5 6 7 8 9 10 11 12 14 16 18 24 27 | 27.0
Fighting       | 4 6 7 8 10 11 12 13 15 17 19 21 24 26 27 | 27.0
Polearms       | 6 7 8 10 12 14 16 18 20 22 23 25 26 27 | 27.0
Stealth        | 4 6 8 10 11 12 | 12.3
Evocations     | 3 7 10 13 14 17 23 27 | 27.0
Invocations    | 2 27 | 27.0
Throwing       | 9 14 22 27 | 27.0
Shields        | 10 15 25 27 | 27.0
Long Blades    | 4 16 22 24 25 | 25.2
Maces & Flails | 4 16 22 24 25 | 25.2
Crossbows      | 4 15 21 22 23 | 23.4
Unarmed Combat | 2 |  2.1
Spellcasting   | 4 15 21 22 23 | 23.3
Conjurations   | 3 10 13 | 13.8
Hexes          | 3 9 12 | 12.8
Fire Magic     | 3 10 13 | 13.8

Action                   |  1- 3 |  4- 6 |  7- 9 | 10-12 | 13-15 | 16-18 | 19-21 | 22-24 || total
-------------------------+-------+-------+-------+-------+-------+-------+-------+-------++-------
Melee: Spear             |    25 |     9 |       |       |       |       |       |       ||    34
       Tailslap          |     1 |     2 |     9 |    34 |    55 |    49 |    28 |    77 ||   255
       Halberd           |       |    17 |    48 |    78 |       |       |       |       ||   143
       Kick              |       |       |     8 |       |       |       |       |       ||     8
       Headbutt          |       |       |     7 |    43 |    74 |    75 |    42 |   116 ||   357
       Glaive            |       |       |       |   157 |   310 |   287 |   103 |       ||   857
       Bite              |       |       |       |       |    30 |    43 |    28 |    55 ||   156
       Trishula          |       |       |       |       |       |       |    62 |   385 ||   447
Throw: Javelin           |       |       |       |       |       |    59 |   110 |    24 ||   193
Invok: Berserk           |     1 |     2 |     2 |     3 |       |       |       |       ||     8
       Minor Destruction |       |       |       |       |     1 |     1 |       |       ||     2
 Abil: Breathe Acid      |       |       |     2 |     7 |     4 |     3 |     3 |       ||    19
       Evoke Berserk Rag |       |       |       |     4 |     5 |     7 |     2 |       ||    18
Evoke: Wand              |       |       |       |     7 |     3 |     2 |       |       ||    12
       Condenser vane    |       |       |       |     2 |    14 |    10 |    15 |     6 ||    47
  Use: Potion            |       |       |     1 |     2 |     4 |     8 |     3 |     9 ||    27
       Scroll            |       |       |       |     2 |       |     9 |       |    19 ||    30
 Stab: Invisible         |       |       |       |     3 |       |       |       |       ||     3
       Sleeping          |       |       |       |       |     1 |     2 |    10 |       ||    13
       Distracted        |       |       |       |       |       |       |     1 |     1 ||     2
Armor: Skin              |     2 |     3 |     6 |    26 |    90 |    57 |    16 |    13 ||   213
Dodge: Dodged            |     4 |     6 |    13 |    96 |   256 |   224 |   134 |    83 ||   816
Block: Other             |       |       |       |       |    38 |    30 |       |       ||    68
       Reflection        |       |       |       |       |     1 |       |       |       ||     1
       Tower shield      |       |       |       |       |       |       |    13 |   275 ||   288

Table legend: (Time is in decaauts) A = Elapsed time spent in this place. B = Non-inter-level travel time spent in this place. C = Inter-level travel time spent in this place. D = Time resting spent in this place. E = Time spent auto-exploring this place. F = Levels seen in this place. G = Mean time per level. A B C D E F G +--------+--------+--------+--------+--------+-----+--------+ Total | 17056 | 16169 | 887 | 8920 | 1419 | 1 | 17056.0 | Dungeon | 17056 | 16169 | 887 | 8920 | 1419 | 1 | 17056.0 | +--------+--------+--------+--------+--------+-----+--------+

Top non-repeatable levels by time:
       D: 17056 daAuts
